Map: Dusk Towers

Players

Tanatus - Winner!

  • Race: Zerg Zerg
  • League: Gold

capac

  • Race: Terran Terran
  • League: Gold

VOD

Have the link to the VOD?

Description

Time

  • Played on: Feb. 20, 2016, 5:11 p.m.
  • Length: 18:32
Show
View Real Time Build Order
Export as new Build Order

Tanatus Zerg - Winner!

Build Orders: Hatch First 

Get SALT Encoding   

  12  0:02  Drone  
  13  0:12  Overlord  
  13  0:17  Drone  
  14  0:32  Drone x2  
  16  0:35  Drone  
  17  0:56  Hatchery  
  16  0:57  Drone  
  16  0:59  Drone  
  18  1:18  Spawning Pool  
  17  1:19  Extractor, Drone  
  17  1:21  Drone  
  18  1:35  Drone  
  18  1:39  Drone  
  20  2:10  Zergling x6  
  20  2:11  Queen  
  20  2:14  Queen  
  27  2:49  Overlord  
  27  2:50  Drone  
  28  3:05  Drone  
  28  3:07  Queen  
  28  3:09  Drone  
  28  3:10  Drone x4  
  35  3:20  Overlord  
  35  3:21  Drone  
  36  3:32  Metabolic Boost  
  36  3:34  Baneling Nest, Evolution Chamber, Drone  
  35  3:35  Drone  
  36  3:41  Drone x5  
  36  3:43  Evolution Chamber  
  40  3:54  Overlord  
  40  3:55  Overlord  
  40  3:56  Drone x2  
  40  3:57  Drone  
  40  4:00  Drone  
  44  4:13  Drone x2  
  44  4:14  Drone x2  
  44  4:15  Drone  
  49  4:18  Drone  
  49  4:22  Drone  
  51  4:28  Zerg Melee Weapons Level 1  
  51  4:29  Zerg Ground Armor Level 1  
  51  4:37  Extractor  
  50  4:43  Overlord x3  
  50  4:44  Overlord  
  50  4:45  Extractor, Drone x2  
  51  4:48  Extractor  
  50  4:55  Hatchery  
  49  5:18  Lair  
  49  5:25  Zergling x2  
  49  5:26  Zergling x16  
  58  5:30  Spore Crawler  
  58  5:31  Spore Crawler  
  58  5:34  Spore Crawler x2  
  54  5:38  Zergling x4  
  54  5:40  Baneling x2  
  54  5:41  Baneling  
  56  5:54  Drone x5  
  54  6:15  Queen  
  55  6:39  Drone x6  
  65  6:40  Drone x5  
  66  6:50  Drone x2  
  66  6:51  Overlord  
  68  7:00  Drone x4  
  72  7:04  Zerg Melee Weapons Level 2  
  72  7:06  Zerg Ground Armor Level 2  
  72  7:07  Centrifical Hooks  
  73  7:08  Zergling x6  
  73  7:11  Spore Crawler x2  
  73  7:15  Hydralisk Den  
  73  7:16  Overseer x3  
  73  7:17  Overseer x2  
  73  7:20  Infestation Pit  
  71  7:33  Extractor x2, Drone x3  
  71  7:34  Drone x3  
  71  7:35  Overlord  
  71  7:36  Overlord  
  75  7:46  Hydralisk x5  
  85  7:59  Hydralisk x8  
  101  8:14  Zergling x14  
  101  8:18  Hive  
  108  8:38  Zergling x12  
  108  8:40  Baneling  
  108  8:41  Baneling x4  
  114  8:59  Hatchery  
  113  9:15  Muscular Augments  
  113  9:30  Adrenal Glands  
  113  9:36  Zerg Melee Weapons Level 3  
  113  9:37  Ultralisk Cavern, Zerg Ground Armor Level 3  
  113  9:38  Zergling x4  
  114  9:40  Overlord x3  
  114  9:41  Overlord x5  
  114  9:45  Overlord  
  114  9:46  Overlord  
  114  10:27  Chitinous Plating  
  114  10:29  Ultralisk x4  
  114  10:33  Zergling x18  
  147  10:54  Ultralisk  
  147  10:55  Ultralisk  
  159  10:59  Extractor  
  159  11:03  Extractor  
  157  11:21  Ultralisk x2  
  169  11:26  Drone x3  
  169  11:27  Drone x5  
  177  11:38  Ultralisk  
  183  11:49  Ultralisk  
  189  12:13  Baneling x4  
  189  12:14  Baneling x3  
  177  12:34  Zergling x8  
  177  12:35  Zergling x42  
  177  12:36  Zergling x2  
  115  13:00  Spire  
  115  13:01  Overlord x2  
  115  13:03  Hydralisk x3  
  115  13:04  Hydralisk x2  
  124  13:10  Baneling x6  
  124  13:11  Baneling  
  124  13:20  Drone  
  124  13:21  Drone x5  
  130  13:30  Spore Crawler  
  130  13:32  Spore Crawler  
  121  14:06  Overseer  
  121  14:08  Drone x2  
  121  14:09  Drone x7  
  130  14:17  Greater Spire  
  130  15:01  Corruptor x2  
  130  15:02  Corruptor x4  
  130  15:03  Corruptor x11  
  164  15:09  Extractor  
  164  15:11  Hatchery  
  164  15:13  Extractor  
  161  15:38  Brood Lord x3  
  167  15:43  Overlord x4  
  167  15:44  Overlord  
  167  15:45  Hatchery  
  166  16:04  Brood Lord  
  168  16:07  Brood Lord x3  
  168  16:08  Brood Lord  
  176  16:33  Spine Crawler  
  176  16:36  Spine Crawler x2  
  176  16:37  Spine Crawler, Hydralisk x10  
  176  16:38  Spine Crawler x2  
  180  17:11  Corruptor x9  
  196  17:17  Overseer x2  
  184  17:38  Ultralisk x2  
Show
View Real Time Build Order
Export as new Build Order

capac Terran 

Build Orders:  

Get SALT Encoding   

  12  0:00  SCV  
  13  0:13  SCV  
  14  0:19  Supply Depot  
  14  0:25  SCV  
  15  0:40  SCV  
  15  0:42  Barracks  
  16  0:49  Refinery  
  16  0:52  SCV  
  17  1:04  SCV  
  18  1:17  SCV  
  19  1:29  SCV  
  20  1:37  Command Center  
  20  1:39  Barracks Reactor  
  20  1:49  SCV  
  21  1:56  Supply Depot  
  21  2:05  SCV  
  22  2:17  SCV  
  23  2:26  Marine  
  23  2:27  Marine  
  25  2:31  Factory  
  24  2:44  Barracks  
  24  2:46  Orbital Command  
  24  2:49  Marine x2  
  26  3:03  Refinery  
  26  3:06  Orbital Command  
  26  3:10  Refinery  
  26  3:13  SCV  
  26  3:16  Factory Reactor  
  26  3:19  Starport  
  27  3:22  Marine x2  
  29  3:28  SCV  
  30  3:39  Barracks Tech Lab  
  30  3:40  Marine x2, SCV  
  33  3:45  SCV  
  34  3:51  Supply Depot  
  34  3:52  SCV  
  35  4:02  Marine x2  
  37  4:03  Marine  
  38  4:11  SCV x2  
  40  4:17  Factory Tech Lab  
  40  4:20  Marine x2  
  40  4:23  SCV x2  
  44  4:25  Engineering Bay  
  44  4:26  Marine  
  45  4:35  SCV x2, Medivac x2  
  45  4:38  Marine  
  52  4:39  Stimpack  
  52  4:51  Siege Tank  
  55  4:53  Supply Depot  
  55  5:02  Missile Turret  
  55  5:04  SCV x2  
  55  5:05  Marine x2  
  59  5:16  Marine  
  59  5:20  Medivac x2  
  64  5:22  SCV  
  64  5:23  SCV  
  66  5:30  Siege Tank  
  69  5:35  Marine  
  69  5:39  Terran Infantry Weapons Level 1  
  70  5:44  Supply Depot  
  70  5:47  Marine x2  
  70  5:48  SCV x2  
  74  5:53  Marine  
  75  6:05  Marine  
  70  6:25  SCV x2  
  71  6:34  Liberator x2  
  71  6:39  Marine x3  
  74  6:40  Siege Tank  
  83  6:56  Supply Depot  
  83  6:57  Marine x2  
  85  7:04  Barracks  
  85  7:05  Barracks  
  85  7:06  Marine  
  86  7:10  Refinery  
  86  7:17  Marine, Siege Tank, SCV x2  
  86  7:20  Supply Depot  
  86  7:22  Liberator x2  
  92  7:23  Supply Depot  
  92  7:29  Barracks, SCV  
  93  7:33  Starport  
  93  7:39  Command Center  
  99  7:46  Supply Depot  
  99  7:47  SCV  
  100  7:53  Siege Tank  
  100  7:55  Barracks Reactor x2  
  103  8:07  Marine x2  
  105  8:13  Starport Reactor  
  105  8:14  Marine  
  105  8:17  SCV x2  
  108  8:20  Terran Infantry Armor Level 1  
  108  8:24  Armory  
  108  8:25  Marine  
  109  8:28  Supply Depot  
  109  8:30  Supply Depot  
  109  8:32  Engineering Bay  
  109  8:38  Marine x3  
  109  8:39  Marine x3  
  115  8:48  Missile Turret  
  115  8:58  Marine  
  115  8:59  Marine x3  
  115  9:00  Barracks Reactor  
  119  9:08  Liberator x2  
  119  9:10  Marine x3  
  119  9:11  Missile Turret  
  119  9:16  Marine  
  123  9:20  Terran Ship Weapons Level 1  
  123  9:22  Medivac  
  123  9:23  Medivac  
  127  9:26  Marine x3  
  127  9:28  Marine x2  
  138  9:40  Marine x4  
  138  9:42  Siege Tank  
  138  9:44  Marine  
  146  9:57  Missile Turret  
  146  10:08  SCV x2  
  146  10:10  SCV  
  149  10:17  Marine x6  
  149  10:18  Marine, Missile Turret  
  149  10:19  Marine  
  157  10:26  Supply Depot  
  157  10:43  Missile Turret  
  157  10:46  Marine, Medivac x3  
  157  10:47  Terran Infantry Weapons Level 2, Supply Depot  
  157  10:48  Siege Tank  
  167  10:54  Supply Depot  
  167  11:00  Marine x3  
  167  11:01  Terran Infantry Armor Level 2  
  170  11:10  Refinery  
  170  11:11  Refinery  
  170  11:23  Siege Tank  
  170  11:24  Marine  
  170  11:25  Marine x4  
  177  11:26  Marine x2  
  177  11:27  Marine  
  181  11:33  Orbital Command  
  181  11:54  Liberator x2  
  181  11:55  Liberator x2, Siege Tank  
  123  12:44  Marine  
  123  12:45  Marine x6  
  123  12:46  Marine x2  
  129  13:02  Marine x2  
  129  13:03  Marine x6  
  137  13:20  Marine x3  
  137  13:21  Marine x5  
  145  13:28  Command Center  
  145  13:37  Liberator x3  
  145  13:38  Liberator  
  101  13:53  Siege Tank  
  101  13:55  Marine x3  
  110  13:56  Marine x5  
  118  14:20  Liberator x2  
  118  14:21  Bunker, Liberator x2  
  118  14:24  Marine x6  
  119  14:25  Marine x3, Siege Tank  
  139  14:41  Marine  
  139  14:42  Marine  
  144  14:46  Marine x2  
  144  14:47  Marine x4  
  150  15:04  Marine x3  
  150  15:05  Marine  
  150  15:06  Missile Turret  
  154  16:01  Bunker  
  154  16:02  Bunker  
  154  16:56  Liberator  
  154  16:57  Liberator x3  
  160  17:36  Siege Tank  
  163  18:02  Marine x2  
  163  18:03  Marine x6  
  163  18:04  Marine  
Tags
 
Add a new tag
Caveats
  • Supply blocks, unpowered buildings, or Contaminate may cause inaccurate times.
  • Supply counts are checked every 10 seconds.